[Event "Titled Tuesday Blitz May 23 Late 2023"]
[White "Przybylski, Wojciech"]
[Black "Figorito, Nick"]
[WhiteFideId "1117599"]
[BlackFideId "30923689"]
[WhiteElo "2222"]
[BlackElo "2374"]
[Result "1-0"]
[Round "07"]
[TimeControl "180+2"]
[Date "2023.05.23"]
[WhiteClock "0:00:38"]
[BlackClock "0:00:23"]

1. e4 e6 2. d4 d5 3. Nd2 Nf6 4. e5 Nfd7 5. f4 c5 6. Ndf3 cxd4 7. Nxd4 Nc6 8. Ngf3 Bc5 9. Be3 Qb6 10. Rb1 Nxd4 11. Bxd4 Bxd4 12. Qxd4 Qxd4 13. Nxd4 O-O 14. Bb5 Nc5 15. O-O a6 16. Bd3 Nxd3 17. cxd3 Bd7 18. Kf2 Rfc8 19. Ke3 h5 20. Rfc1 g6 21. Nf3 Kf8 22. Kd4 Ke7 23. Ng1 b6 24. Ne2 Rxc1 25. Rxc1 Rc8 26. Rxc8 Bxc8 27. a3 Bd7 28. Nc3 Kd8 29. Na2 Kc7 30. Nb4 Kb7 31. Nc2 Kc6 32. b3 Kb7 33. Kc3 Bb5 34. Nd4 Be8 35. Kd2 Bd7 36. Ke3 Be8 37. Kf2 Kc7 38. Kf3 Kd8 39. Nc2 Bb5 40. Ke3 Kc7 41. g3 Be8 42. Nb4 Kb7 43. Na2 Bb5 44. Nc3 Be8 45. Ne2 Bb5 46. Nd4 Be8 47. h3 Kc7 48. Nc2 Bb5 49. Nb4 Kb7 50. Kd4 Be8 51. Na2 Bd7 52. Nc3 Be8 53. Nd1 Bd7 54. Ne3 Be8 55. g4 hxg4 56. Nxg4 Bb5 57. Nf6 Kc7 58. Ng4 Kd8 59. Ke3 Ke7 60. Nf6 Kd8 61. h4 Ke7 62. Ng4 Kd8 63. Nf2 Ke7 64. Kf3 Kd8 65. Kg4 Ke7 66. Kg5 Be8 67. Ng4 Bb5 68. d4 Bd3 69. Kh6 Bf5 70. Nf6 Bc2 71. b4 Ba4 72. Kg7 Bb5 73. Ng8+ Ke8 74. Nh6 Ke7 75. Nxf7 Be8 76. Nh8 a5 77. bxa5 bxa5 78. Nxg6+ Kd7 79. h5 Kc6 80. h6 Kb5 81. h7 Kc4 82. h8=Q 1-0


[Site "https://www.chess.com"]

[Event "Titled Tuesday Blitz May 23 Late 2023"]
[White "Smiechu"]
[Black "Jimenez Almeida, Luis David"]
[BlackFideId "22242244"]
[WhiteElo "2361"]
[BlackElo "2245"]
[Result "1-0"]
[Round "07"]
[TimeControl "180+2"]
[Date "2023.05.23"]
[WhiteClock "0:00:31"]
[BlackClock "0:00:19"]

1. e4 c5 2. Nf3 e6 3. d4 cxd4 4. Nxd4 a6 5. Bd3 Nc6 6. Be3 Nf6 7. Nc3 Be7 8. O-O Qc7 9. f4 d6 10. Qf3 O-O 11. Rae1 Nxd4 12. Bxd4 e5 13. fxe5 dxe5 14. Be3 Be6 15. Bg5 Rfe8 16. Bxf6 Bxf6 17. Nd5 Bxd5 18. exd5 Qb6+ 19. Kh1 Rad8 20. Qf5 Rxd5 21. Qxh7+ Kf8 22. Qh5 Qd8 23. Bc4 Rd7 24. Qh8+ Ke7 25. Qh3 Rd4 26. Qb3 Qc7 27. Bxf7 Rh8 28. Qe6+ Kd8 29. Rxf6 e4 30. h3 gxf6 31. Qxf6+ Qe7 32. Qxh8+ Kc7 33. Qxd4 1-0


[Site "https://www.chess.com"]

[Event "Titled Tuesday Blitz May 23 Late 2023"]
[White "Blitz"]
[Black "Celestino, Rafael Teixeira"]
[BlackFideId "2108925"]
[WhiteElo "2476"]
[BlackElo "2360"]
[Result "1-0"]
[Round "07"]
[TimeControl "180+2"]
[Date "2023.05.23"]
[WhiteClock "0:02:09"]
[BlackClock "0:00:14"]

1. d4 Nf6 2. Nc3 e6 3. e4 Bb4 4. e5 Nd5 5. Qg4 Nxc3 6. Qxg7 Rf8 7. a3 Be7 8. bxc3 c5 9. Nf3 Qa5 10. Bd2 Nc6 11. Qxh7 cxd4 12. cxd4 Qd5 13. c4 Qxf3 14. gxf3 b6 15. Bh6 Nxd4 16. Bxf8 Bxf8 17. Bg2 Ba6 18. Rd1 Nc6 19. f4 Rc8 20. Qd3 Bb7 21. Qxd7# 1-0


[Site "https://www.chess.com"]

[Event "Titled Tuesday Blitz May 23 Late 2023"]
[White "Prieto Aranguren, Alain"]
[Black "Bilan, Danila"]
[WhiteFideId "2268906"]
[BlackFideId "24161918"]
[WhiteElo "2209"]
[BlackElo "2182"]
[Result "0-1"]
[Round "07"]
[TimeControl "180+2"]
[Date "2023.05.23"]
[WhiteClock "0:00:19"]
[BlackClock "0:00:12"]

1. e4 c6 2. d4 d5 3. exd5 cxd5 4. Bd3 Nc6 5. Nf3 Bg4 6. c3 e6 7. O-O Bd6 8. Re1 Qc7 9. h3 Bh5 10. Nbd2 Nf6 11. Nf1 O-O 12. Bg5 Rab8 13. Bxf6 gxf6 14. Qc2 Bg6 15. Ne3 b5 16. Rac1 Rfc8 17. Ng4 Kg7 18. Qd2 Bf4 19. Ne3 a5 20. Kh1 Qd6 21. g3 Bh6 22. Nh4 b4 23. Kg2 a4 24. f4 f5 25. Nf3 a3 26. bxa3 bxa3 27. Ne5 Nxe5 28. fxe5 Qc6 29. Kh2 Rb2 30. Rc2 Qxc3 31. Re2 Qxd2 32. Rcxd2 Rxd2 33. Rxd2 Bxe3 34. Re2 f4 35. Bxg6 hxg6 36. Kg2 Bxd4 37. gxf4 Rb8 38. Kf3 Rb2 39. Re1 Rxa2 40. Rd1 Bc3 41. Rd3 d4 42. Ke4 Re2+ 43. Kf3 Re3+ 0-1


[Site "https://www.chess.com"]

[Event "Titled Tuesday Blitz May 23 Late 2023"]
[White "Toniutti, Ezio"]
[Black "Weinstein, Joshua Ross"]
[WhiteFideId "113034"]
[BlackFideId "30927714"]
[WhiteElo "2215"]
[BlackElo "2344"]
[Result "1-0"]
[Round "07"]
[TimeControl "180+2"]
[Date "2023.05.23"]
[WhiteClock "0:00:31"]
[BlackClock "0:00:00"]

1. d4 Nf6 2. c4 g6 3. Nc3 d5 4. Bg5 Ne4 5. Bh4 Nxc3 6. bxc3 Bg7 7. e3 dxc4 8. Bxc4 O-O 9. Nf3 Bg4 10. h3 Bxf3 11. Qxf3 Nc6 12. O-O Qd7 13. Rab1 Rab8 14. Bb5 e6 15. Bg3 a6 16. Bd3 b5 17. Rfd1 Na5 18. h4 Nc4 19. h5 Rb6 20. Qf4 e5 21. Qf3 exd4 22. cxd4 Na3 23. Rbc1 c6 24. Bf4 Qd5 25. h6 Qxf3 26. gxf3 Bf6 27. Bd6 Bg5 28. Bxa3 Rc8 29. Bc5 Rb7 30. f4 Bxh6 31. Be4 Bg7 32. Bd6 Rd7 33. Bb4 Rdc7 34. Ba5 1-0


[Site "https://www.chess.com"]

[Event "Titled Tuesday Blitz May 23 Late 2023"]
[White "Alahakoon, Isuru"]
[Black "Rottenwohrer Suarez, Juan"]
[WhiteFideId "9900993"]
[BlackFideId "32068182"]
[WhiteElo "1953"]
[BlackElo "2174"]
[Result "0-1"]
[Round "07"]
[TimeControl "180+2"]
[Date "2023.05.23"]
[WhiteClock "0:00:02"]
[BlackClock "0:00:04"]

1. Nf3 Nf6 2. d4 g6 3. Bg5 Bg7 4. Nbd2 d5 5. e3 Nbd7 6. Bd3 c5 7. c3 b6 8. O-O O-O 9. a4 a5 10. Re1 Ba6 11. Bc2 Qc7 12. Bf4 Qc8 13. h3 b5 14. axb5 Bxb5 15. dxc5 Nxc5 16. Nb3 Nxb3 17. Bxb3 e6 18. Nd4 Bc4 19. Bxc4 Qxc4 20. Qa4 Qa6 21. b4 Qc4 22. bxa5 Qxc3 23. Rec1 Qd3 24. Ra3 Qd2 25. Nb3 Qe2 26. Ra2 Qa6 27. Nc5 Qa7 28. a6 Rfc8 29. Rac2 Bf8 30. Nd7 Qxd7 31. Qxd7 Rxc2 32. Qb7 Rxc1+ 33. Kh2 Rcc8 34. a7 Ne4 35. Bb8 Bd6+ 36. Bxd6 Nxd6 37. Qb6 Nc4 38. Qb7 Na5 39. Qb6 Nc6 40. h4 h5 41. f3 Nxa7 42. g4 hxg4 43. fxg4 Nc6 44. h5 gxh5 45. gxh5 Ne7 46. Qd4 Nf5 47. Qg4+ Kh7 48. Qg5 Rg8 49. Qf6 Ra2+ 50. Kh3 Rg3# 0-1


[Site "https://www.chess.com"]

[Event "Titled Tuesday Blitz May 23 Late 2023"]
[White "Kielinkei"]
[Black "Rose, Felix"]
[BlackFideId "5105722"]
[WhiteElo "2459"]
[BlackElo "2039"]
[Result "1-0"]
[Round "07"]
[TimeControl "180+2"]
[Date "2023.05.23"]
[WhiteClock "0:00:58"]
[BlackClock "0:00:19"]

1. e4 c5 2. a3 g6 3. Nc3 Bg7 4. Bc4 e6 5. d3 Ne7 6. Ba2 O-O 7. h4 d5 8. h5 Nbc6 9. Nge2 Nd4 10. Nxd4 cxd4 11. Ne2 dxe4 12. dxe4 Nc6 13. hxg6 hxg6 14. Nf4 b5 15. Qf3 Ne5 16. Qh3 Re8 17. Bd2 a5 18. Nd3 Nc4 19. Qh7+ Kf8 20. Bh6 Bxh6 21. Qxh6+ Ke7 22. Qg5+ Kf8 23. Rh8+ Kg7 24. Qxd8 Rxh8 25. Qxd4+ e5 26. Qd5 Be6 27. Qxb5 Rh1+ 28. Ke2 Rxa1 29. Bxc4 Bxc4 30. Qxc4 Re8 31. Qd5 Rb1 32. Nxe5 Rxb2 33. Qxf7+ Kh6 34. Qxe8 1-0


[Site "https://www.chess.com"]

[Event "Titled Tuesday Blitz May 23 Late 2023"]
[White "Chakravarthi Reddy, M"]
[Black "Yeritsyan, Hayk"]
[WhiteFideId "25009532"]
[BlackFideId "13307320"]
[WhiteElo "2201"]
[BlackElo "2458"]
[Result "1-0"]
[Round "07"]
[TimeControl "180+2"]
[Date "2023.05.23"]
[WhiteClock "0:00:21"]
[BlackClock "0:00:07"]

1. e4 c6 2. d4 d5 3. e5 c5 4. Nf3 Nc6 5. dxc5 Bg4 6. c3 e6 7. h3 Bxf3 8. Qxf3 Bxc5 9. Qg3 g6 10. Nd2 Qc7 11. Nf3 Nge7 12. Bd3 O-O-O 13. b4 Bb6 14. O-O d4 15. cxd4 Nxd4 16. Bg5 Kb8 17. Rac1 Qd7 18. Rfd1 Rc8 19. Rxc8+ Nxc8 20. Nxd4 Qxd4 21. Qf3 Qxb4 22. Be4 h6 23. Bf6 Re8 24. Bxb7 Bxf2+ 25. Kh1 Qxb7 26. Qxf2 Nb6 27. Qc5 Nd5 28. Qd6+ Ka8 29. a4 Ne3 30. Rg1 Nf5 31. Qd3 h5 32. Rb1 Qc6 33. a5 h4 34. a6 Ng3+ 35. Kh2 Rc8 36. Rb7 Qc1 37. Rb1 Nf1+ 38. Qxf1 Qxf1 39. Rxf1 Rc6 40. Bxh4 Rxa6 41. Rxf7 Ra5 42. Bf6 a6 43. Rg7 Ra2 44. Rxg6 a5 45. h4 a4 46. h5 a3 47. Rg3 Ra1 48. h6 Kb7 49. h7 a2 50. Ra3 Rc1 51. Rxa2 Rc8 52. h8=Q 1-0


[Site "https://www.chess.com"]

[Event "Titled Tuesday Blitz May 23 Late 2023"]
[White "ThaBarWa"]
[Black "Spitzl, Vinzent"]
[BlackFideId "12901253"]
[WhiteElo "2330"]
[BlackElo "2225"]
[Result "0-1"]
[Round "07"]
[TimeControl "180+2"]
[Date "2023.05.23"]
[WhiteClock "0:00:11"]
[BlackClock "0:00:06"]

1. d4 d5 2. c4 e6 3. Nc3 Nf6 4. cxd5 exd5 5. Bg5 Bb4 6. Qc2 h6 7. Bh4 O-O 8. e3 Nbd7 9. Bd3 Re8 10. Nf3 c6 11. O-O Be7 12. Rab1 Ne4 13. Bxe7 Qxe7 14. Bxe4 dxe4 15. Nd2 Nf6 16. b4 Bd7 17. Ne2 Nd5 18. Qc5 Qe6 19. Nf4 Nxf4 20. exf4 Qxa2 21. Qc3 Qd5 22. Qe3 Rad8 23. Rfe1 Bf5 24. Nb3 b6 25. Red1 Be6 26. h3 Rd7 27. Rd2 Qd6 28. Na1 Bc4 29. Nc2 Rde7 30. Ne1 Bd5 31. Ra1 Ra8 32. Rb1 a5 33. bxa5 bxa5 34. Nc2 a4 35. Qa3 Qf6 36. Ne3 Rea7 37. g3 h5 38. h4 Qe6 39. Kg2 Bb3 40. Rc1 Qe7 41. Rc5 Rb8 42. Nf5 Qb7 43. Nxg7 Kxg7 44. Rg5+ Kf6 45. Qd6+ Be6 46. f5 Qc7 47. Qxc7 Rxc7 48. fxe6 Kxe6 49. Re5+ Kd6 50. Rxe4 Ra8 51. Rf4 a3 52. Ra2 Rb7 53. Rf6+ Kd5 54. Rf5+ Kxd4 55. Rf4+ Kd5 56. Rf5+ Ke6 57. Rf3 Rba7 58. Re3+ Kd5 59. Rd3+ Kc5 60. Rf3 Kb4 61. Rf4+ Kb5 62. Rf5+ c5 63. g4 hxg4 64. h5 Kb4 65. Re5 c4 66. Kg3 Kb3 67. Ree2 c3 68. Kxg4 f6 69. h6 Rh7 70. Kh5 Rah8 71. Rec2 Rxh6+ 72. Kg4 Rh4+ 73. Kf3 Rd4 74. Ke3 Rhd8 75. f4 Rd2 76. Rxd2 Rxd2 77. Ra1 a2 78. f5 Rb2 79. Kf4 Rb1 80. Rxa2 Kxa2 81. Kg4 c2 82. Kh5 c1=Q 83. Kg6 Qc2 84. Kf7 Rb5 85. Ke7 Qxf5 86. Kd6 Rb6+ 87. Kc7 Qc5+ 88. Kd7 Qc6+ 89. Ke7 Rb7+ 90. Kd8 Qd7# 0-1


[Site "https://www.chess.com"]

[Event "Titled Tuesday Blitz May 23 Late 2023"]
[White "gueraumasague"]
[Black "Schuster, Karsten"]
[BlackFideId "4611071"]
[WhiteElo "2544"]
[BlackElo "2254"]
[Result "1-0"]
[Round "07"]
[TimeControl "180+2"]
[Date "2023.05.23"]
[WhiteClock "0:00:04"]
[BlackClock "0:00:39"]

1. e4 d5 2. exd5 Qxd5 3. Nc3 Qd8 4. d4 c6 5. g3 Nf6 6. Bg2 Bg4 7. Nge2 e6 8. O-O Be7 9. h3 Bh5 10. g4 Bg6 11. Nf4 O-O 12. Nxg6 hxg6 13. Qd3 Nbd7 14. Rd1 Nb6 15. Ne2 Qd7 16. a4 Rad8 17. a5 Nc8 18. a6 b6 19. Be3 Qc7 20. c4 c5 21. d5 exd5 22. cxd5 Nd6 23. Bf4 Qd7 24. Nc3 Nh7 25. Qg3 Rfe8 26. g5 Nf5 27. Qg4 Bd6 28. h4 Nd4 29. Qxd7 Rxd7 30. Bxd6 Rxd6 31. Rd2 f6 32. Ne4 Rd7 33. Re1 Kf8 34. Kf1 f5 35. Nc3 Rxe1+ 36. Kxe1 Ke7 37. Kf1 Kd8 38. Ne2 Nxe2 39. Rxe2 Re7 40. Rd2 Kd7 41. d6 Re6 42. Bc6+ Kd8 43. Kg2 Nf8 44. Kf3 Nd7 45. Kf4 Ne5 46. Bb5 Ng4 47. h5 Re4+ 48. Kg3 Ne5 49. f3 Re3 50. Kf4 Re1 51. hxg6 Nxg6+ 52. Kxf5 Nh4+ 53. Kg4 Ng6 54. f4 Re4 55. Kf5 Rb4 56. Kxg6 Rxb5 57. Kxg7 c4 58. Kf6 Rc5 59. g6 Kd7 60. g7 Rc8 61. Kf7 c3 62. bxc3 Rxc3 63. g8=Q Rf3 64. Qe8# 1-0


[Site "https://www.chess.com"]

[Event "Titled Tuesday Blitz May 23 Late 2023"]
[White "Seletsky, Grigory"]
[Black "Bashkansky, Ethan"]
[WhiteFideId "14112191"]
[BlackFideId "2071533"]
[WhiteElo "2491"]
[BlackElo "2343"]
[Result "0-1"]
[Round "07"]
[TimeControl "180+2"]
[Date "2023.05.23"]
[WhiteClock "0:00:01"]
[BlackClock "0:00:08"]

1. e4 c6 2. d4 d5 3. e5 c5 4. dxc5 Nc6 5. a3 Nxe5 6. b4 f6 7. Bb2 Nh6 8. f4 Nef7 9. Nf3 a6 10. Nc3 e6 11. Bd3 Be7 12. O-O O-O 13. Qd2 Kh8 14. Rae1 b6 15. cxb6 Qxb6+ 16. Kh1 Re8 17. f5 Nxf5 18. Bxf5 exf5 19. Nxd5 Qb7 20. c4 a5 21. Nd4 axb4 22. axb4 Ne5 23. Qc3 Bf8 24. Nxf5 Bxf5 25. Rxf5 Rac8 26. Rfxe5 Rxe5 27. Rd1 Rxd5 28. cxd5 Rxc3 29. Bxc3 Bxb4 30. Rb1 Qxd5 31. Bxb4 h5 32. h3 Kh7 33. Be1 Qe4 34. Ra1 Qe5 35. Rc1 Kg6 36. Bf2 Qf4 37. Rf1 Qc4 38. Kg1 Qe2 39. Bd4 Qd3 40. Bf2 Qe4 41. Bc5 Qd5 42. Bf2 Qe6 43. Bd4 Qd7 44. Bf2 Qc6 45. Be3 Qb5 46. Bf2 Qa4 47. Be3 Qa6 48. Bf2 f5 49. Be3 Qd3 50. Bf4 Qe4 51. h4 Kf6 52. g3 g6 53. Rf2 Qe1+ 54. Kg2 Qe4+ 55. Kh2 Ke6 56. Rd2 Ke7 57. Rf2 Qd3 58. Rd2 Qf3 59. Rg2 Ke6 60. Rd2 Qg4 61. Rg2 Kd5 62. Rf2 Ke4 63. Ra2 Kd3 64. Ra3+ Kc4 65. Ra4+ Kb3 66. Rd4 Qe2+ 67. Kh3 Kc3 68. Rd6 Qf1+ 69. Kh2 Qf2+ 70. Kh3 Qf1+ 71. Kh2 Kc4 72. Rd8 Qf2+ 73. Kh3 Qf1+ 74. Kh2 Qf2+ 75. Kh3 Qg1 76. Rd6 Qh1# 0-1


[Site "https://www.chess.com"]

[Event "Titled Tuesday Blitz May 23 Late 2023"]
[White "Dragomirescu, Robin-Alexandru"]
[Black "Hernandez Leon, Alberto"]
[WhiteFideId "1213849"]
[BlackFideId "2272555"]
[WhiteElo "2356"]
[BlackElo "2239"]
[Result "1-0"]
[Round "07"]
[TimeControl "180+2"]
[Date "2023.05.23"]
[WhiteClock "0:00:57"]
[BlackClock "0:00:00"]

1. b3 d5 2. Bb2 Bg4 3. f3 Bh5 4. Nh3 f6 5. Nf4 Bf7 6. d4 c5 7. e4 dxe4 8. d5 a6 9. fxe4 g5 10. Ne2 Nd7 11. Ng3 Nh6 12. Nd2 Bg7 13. Be2 O-O 14. O-O Bg6 15. c4 Nf7 16. Nf5 Nde5 17. h4 h6 18. h5 Bxf5 19. Rxf5 Nd6 20. Rf2 f5 21. exf5 Nxf5 22. Ne4 Ne3 23. Qd2 Rxf2 24. Nxf2 Nf5 25. Rf1 Ng3 26. Re1 Qd6 27. Qe3 Nf5 28. Qh3 Nd4 29. Bxd4 cxd4 30. Ne4 Qd7 31. Qxd7 Nxd7 32. Bg4 Nf6 33. Nxf6+ Bxf6 34. c5 Rd8 35. c6 bxc6 36. dxc6 e6 37. c7 1-0


[Site "https://www.chess.com"]

[Event "Titled Tuesday Blitz May 23 Late 2023"]
[White "Petrovic, Aleksa"]
[Black "Lalanne, Pablo"]
[WhiteFideId "967629"]
[BlackFideId "112151"]
[WhiteElo "2309"]
[BlackElo "2120"]
[Result "0-1"]
[Round "07"]
[TimeControl "180+2"]
[Date "2023.05.23"]
[WhiteClock "0:00:03"]
[BlackClock "0:00:17"]

1. e4 c5 2. Nf3 d6 3. d4 cxd4 4. Nxd4 Nf6 5. Nc3 a6 6. Bg5 e6 7. f4 Nbd7 8. Qf3 Qc7 9. O-O-O b5 10. Bd3 Bb7 11. Qh3 b4 12. Nxe6 fxe6 13. Qxe6+ Be7 14. Nd5 Bxd5 15. exd5 Nc5 16. Qe2 Nxd3+ 17. Rxd3 O-O 18. Rh3 Rac8 19. Qd3 g6 20. f5 Qc4 21. Qxc4 Rxc4 22. fxg6 hxg6 23. Re1 Re4 24. Rd1 Nd7 25. Bxe7 Rxe7 26. Rh4 a5 27. Rg4 Kg7 28. h4 Re5 29. Rc4 Nc5 30. c3 bxc3 31. Rxc3 Rf2 32. Rd2 Re1+ 33. Kc2 Rxd2+ 34. Kxd2 Rg1 35. Ra3 Rxg2+ 36. Ke3 a4 37. b4 Rg3+ 38. Ke2 Rxa3 39. bxc5 dxc5 40. d6 Kf7 0-1


[Site "https://www.chess.com"]

[Event "Titled Tuesday Blitz May 23 Late 2023"]
[White "Balla, Tamas-Kristof"]
[Black "Della Corte, Alessandro"]
[WhiteFideId "1208497"]
[BlackFideId "813540"]
[WhiteElo "2334"]
[BlackElo "2205"]
[Result "1-0"]
[Round "07"]
[TimeControl "180+2"]
[Date "2023.05.23"]
[WhiteClock "0:00:20"]
[BlackClock "0:00:03"]

1. f4 f5 2. b3 b6 3. Bb2 Bb7 4. e3 Nf6 5. Nf3 e6 6. g3 Be7 7. Bg2 O-O 8. O-O d6 9. Qe2 Nbd7 10. Ng5 Bxg2 11. Qxg2 Nc5 12. b4 h6 13. Nf3 Na4 14. Bc1 Qd7 15. d3 c5 16. a3 a5 17. bxc5 bxc5 18. Nbd2 Rab8 19. Nc4 Qc7 20. Bd2 Rb5 21. Rfb1 Rfb8 22. Qf1 Nd5 23. Qe1 Bf6 24. Rxb5 Rxb5 25. Rb1 Rxb1 26. Qxb1 Bc3 27. e4 fxe4 28. dxe4 Bxd2 29. exd5 Nc3 30. Qf1 exd5 31. Ncxd2 d4 32. Nb1 d5 33. Nxc3 dxc3 34. Qd3 d4 35. Ne5 Qb7 36. h4 h5 37. a4 Qb1+ 38. Kg2 Qe1 39. Qc4+ Kh7 40. Qd3+ Kg8 41. Nf3 Qe6 42. Ng5 Qe1 43. Qh7+ Kf8 44. Qh8+ Ke7 45. Qxg7+ Kd6 46. Qg6+ Kd5 47. Qf7+ Kc6 48. Qg6+ Kb7 49. Qe4+ Qxe4+ 50. Nxe4 d3 51. Nxc3 dxc2 52. Ne2 1-0


[Site "https://www.chess.com"]

[Event "Titled Tuesday Blitz May 23 Late 2023"]
[White "Parizek, Vojtech"]
[Black "Senft, Sean"]
[WhiteFideId "360996"]
[BlackFideId "2044960"]
[WhiteElo "2115"]
[BlackElo "1989"]
[Result "0-1"]
[Round "07"]
[TimeControl "180+2"]
[Date "2023.05.23"]
[WhiteClock "0:01:09"]
[BlackClock "0:02:01"]

1. e4 c5 2. Nf3 d6 3. d4 cxd4 4. Nxd4 Nf6 5. Nc3 a6 6. Bg5 e6 7. f4 Qb6 8. Qd3 Nc6 9. Nxc6 bxc6 10. O-O-O Bd7 11. e5 Nd5 12. Ne4 dxe5 13. fxe5 Rb8 14. b3 Ba3+ 15. Kb1 O-O 16. Qh3 Qa5 17. Bd3 g6 18. c4 Nc3+ 19. Nxc3 Qxc3 20. Bxg6 Qb2# 0-1


[Site "https://www.chess.com"]

[Event "Titled Tuesday Blitz May 23 Late 2023"]
[White "Shapiro, Viktor"]
[Black "kiwibobo"]
[WhiteFideId "4175700"]
[WhiteElo "2152"]
[BlackElo "2196"]
[Result "1-0"]
[Round "07"]
[TimeControl "180+2"]
[Date "2023.05.23"]
[WhiteClock "0:00:51"]
[BlackClock "0:00:00"]

1. c4 Nf6 2. Nc3 d5 3. cxd5 Nxd5 4. Qb3 Nb6 5. Nf3 Nc6 6. d4 Nxd4 7. Nxd4 Qxd4 8. Nb5 Qe5 9. f4 Qc5 10. Be3 Qc6 11. Rc1 Be6 12. Nxc7+ Qxc7 13. Rxc7 Bxb3 14. axb3 Nd5 15. Rc3 Nxc3 16. bxc3 e6 17. Bd4 a5 18. e4 f6 19. Bb5+ Kf7 20. Ke2 Be7 21. Bc4 Rhd8 22. f5 Rd6 23. Bxe6+ Rxe6 24. fxe6+ Kxe6 25. Ra1 b5 26. c4 bxc4 27. bxc4 a4 28. Kd3 Bb4 29. c5 a3 30. Kc4 Bd2 31. Ra2 Bf4 32. h3 Bc7 33. Bc3 Ra4+ 34. Kb5 Rxe4 35. Rxa3 Re3 36. Ra6+ Kf5 37. Bd4 Re4 38. g4+ Kg5 39. Ra7 Re7 40. Kc6 1-0


[Site "https://www.chess.com"]

[Event "Titled Tuesday Blitz May 23 Late 2023"]
[White "Cagara, Paulina"]
[Black "Kovalevsky, Stanislav"]
[WhiteFideId "1124870"]
[BlackFideId "13508598"]
[WhiteElo "1967"]
[BlackElo "2174"]
[Result "0-1"]
[Round "07"]
[TimeControl "180+2"]
[Date "2023.05.23"]
[WhiteClock "0:01:17"]
[BlackClock "0:02:06"]

1. e4 e6 2. d4 d5 3. Nc3 dxe4 4. Nxe4 Nf6 5. Nxf6+ gxf6 6. Nf3 Nc6 7. Bb5 Bd7 8. O-O Rg8 9. Bf4 Ne7 10. Bxd7+ Qxd7 11. a4 Nf5 12. c3 Qd5 13. Bg3 h5 14. Nh4 Nxh4 15. f3 Nf5 16. Bxc7 Ne3 17. Qd3 Rxg2+ 18. Kh1 Bd6 19. Qxe3 Rxh2+ 20. Kg1 Bxc7 21. c4 Qf5 22. f4 Rh3 0-1


[Site "https://www.chess.com"]

[Event "Titled Tuesday Blitz May 23 Late 2023"]
[White "Vovk, Orest"]
[Black "Torres Dominguez, David"]
[WhiteFideId "14113490"]
[BlackFideId "2220857"]
[WhiteElo "2215"]
[BlackElo "1999"]
[Result "0-1"]
[Round "07"]
[TimeControl "180+2"]
[Date "2023.05.23"]
[WhiteClock "0:01:38"]
[BlackClock "0:02:00"]

1. h4 d5 2. h5 Nc6 3. h6 Nxh6 4. e4 dxe4 5. Nc3 Bf5 6. Bb5 Qd6 7. Nge2 O-O-O 8. Ng3 Nd4 9. Nxf5 Nhxf5 10. Nxe4 Qe5 11. Bd3 Nd6 12. f4 Qxf4 13. Nxd6+ Rxd6 14. Rh3 Re6+ 15. Re3 Qh4+ 16. Kf1 Qh1+ 17. Kf2 Rf6+ 18. Rf3 Rxf3+ 19. gxf3 Qxd1 0-1


[Site "https://www.chess.com"]

[Event "Titled Tuesday Blitz May 23 Late 2023"]
[White "Mazurkiewicz, Michal"]
[Black "Camilla_Lee"]
[WhiteFideId "1124943"]
[WhiteElo "2054"]
[BlackElo "2638"]
[Result "1-0"]
[Round "07"]
[TimeControl "180+2"]
[Date "2023.05.23"]
[WhiteClock "0:00:06"]
[BlackClock "0:01:13"]

1. e4 e5 2. Nf3 Nc6 3. Bb5 f5 4. Nc3 fxe4 5. Nxe4 d5 6. Ng3 Bg4 7. h3 Bxf3 8. Qxf3 Nf6 9. d3 Be7 10. Nf5 O-O 11. Bxc6 bxc6 12. Nxe7+ Qxe7 13. O-O h6 14. Qg3 Kh7 15. Re1 Rae8 16. Qh4 Nd7 17. Qxe7 Rxe7 18. f3 g5 19. a4 a6 20. Ra3 Rb8 21. d4 Kg6 22. Rae3 Kf5 23. g4+ Kf6 24. b3 Rbe8 25. Bb2 e4 26. fxe4 Rxe4 27. Rxe4 dxe4 28. d5+ Kg6 29. dxc6 Nb8 30. Rf1 Re6 31. Kf2 Nxc6 32. Ke3 Nb4 33. Rf2 Nd5+ 34. Kd4 Nf4 35. Bc1 e3 36. Bxe3 c5+ 37. Kxc5 Rxe3 38. Kb6 Nxh3 39. Rd2 Rg3 40. b4 Rxg4 41. Kc5 Nf4 42. c4 Ne6+ 43. Kd5 Kf5 44. b5 axb5 45. axb5 Nf4+ 46. Kc6 Rg3 47. b6 Rb3 48. b7 Ne6 49. Rd5+ Kf6 50. Rb5 Nd4+ 51. Kc5 Ne6+ 52. Kb6 Rf3 53. b8=Q Rf4 54. Qh8+ Kg6 55. Qg8+ Ng7 56. Rc5 Rf6+ 57. Rc6 g4 58. Rxf6+ Kxf6 59. Qf8+ Kg6 60. Qf4 h5 61. c5 Ne6 62. Qe4+ Kf6 63. c6 g3 64. Qf3+ Ke5 65. Qxg3+ Kd5 66. c7 1-0


[Site "https://www.chess.com"]

[Event "Titled Tuesday Blitz May 23 Late 2023"]
[White "Denishev, Marat"]
[Black "Matute Escobar, Roxanny"]
[WhiteFideId "24131563"]
[BlackFideId "3926028"]
[WhiteElo "2311"]
[BlackElo "1844"]
[Result "1-0"]
[Round "07"]
[TimeControl "180+2"]
[Date "2023.05.23"]
[WhiteClock "0:01:41"]
[BlackClock "0:00:31"]

1. e4 c5 2. Nf3 d6 3. d4 cxd4 4. Qxd4 Nc6 5. Bb5 a6 6. Bxc6+ bxc6 7. O-O Nf6 8. c4 g6 9. Nc3 Bg7 10. Qd3 O-O 11. h3 Rb8 12. Rb1 a5 13. Bf4 Ba6 14. Rfd1 Nd7 15. b3 Nc5 16. Qe3 a4 17. b4 Ne6 18. b5 cxb5 19. Nxb5 Nxf4 20. Qxf4 Qa5 21. Nfd4 e5 22. Nc6 exf4 23. Nxa5 Bxb5 24. cxb5 Be5 25. Nc6 Rbe8 26. b6 f5 27. exf5 d5 28. Rxd5 Bb8 29. fxg6 hxg6 30. Rd7 Rf7 31. Rxf7 Kxf7 32. Nxb8 Rxb8 33. b7 g5 34. Kf1 Ke6 35. Ke2 Kd5 36. Kf3 Kc6 37. Kg4 Rxb7 38. Rxb7 Kxb7 39. Kxg5 1-0


[Site "https://www.chess.com"]

[Event "Titled Tuesday Blitz May 23 Late 2023"]
[White "Guz, Ari"]
[Black "Einarsson, Halldor Gretar"]
[WhiteFideId "2825759"]
[BlackFideId "2300150"]
[WhiteElo "2205"]
[BlackElo "2110"]
[Result "1-0"]
[Round "07"]
[TimeControl "180+2"]
[Date "2023.05.23"]
[WhiteClock "0:00:50"]
[BlackClock "0:00:00"]

1. a4 Nf6 2. Ra3 g6 3. h4 Bg7 4. e3 c5 5. Be2 Nc6 6. h5 O-O 7. hxg6 fxg6 8. Nf3 e5 9. d4 e4 10. Ng5 h6 11. Nh3 b6 12. dxc5 bxc5 13. Nc3 d5 14. Nf4 d4 15. exd4 cxd4 16. Nb5 Kh7 17. Nh3 e3 18. fxe3 Ne4 19. exd4 Qh4+ 20. g3 Nxg3 21. Ng5+ Qxg5 22. Bxg5 Nxh1 23. Bf3 Bg4 24. Bxg4 Nf2 25. Qe2 Rae8 26. Re3 Rxe3 27. Bxe3 Nxg4 28. Qxg4 a6 29. Nd6 Rf6 30. Ne4 Rf5 31. c3 h5 32. Ng5+ Kg8 33. Qe4 1-0


[Site "https://www.chess.com"]

[Event "Titled Tuesday Blitz May 23 Late 2023"]
[White "Slavin, Alexey"]
[Black "Ambartsumova, Karina"]
[WhiteFideId "24104388"]
[BlackFideId "4166299"]
[WhiteElo "2264"]
[BlackElo "2240"]
[Result "0-1"]
[Round "07"]
[TimeControl "180+2"]
[Date "2023.05.23"]
[WhiteClock "0:00:03"]
[BlackClock "0:00:15"]

1. e4 c5 2. g3 Nc6 3. Bg2 Nf6 4. Ne2 h5 5. h3 d5 6. exd5 Nxd5 7. Nbc3 Nf6 8. O-O Bf5 9. d3 Qd7 10. Kh2 h4 11. g4 Bxg4 12. hxg4 Nxg4+ 13. Kh1 h3 14. Bf3 e5 15. Ng3 Nf6 16. Nce4 Nd4 17. c3 Ne6 18. Be3 O-O-O 19. Nxf6 gxf6 20. Qb3 Kb8 21. Rad1 Bh6 22. Bxh6 Rxh6 23. Kh2 Nf4 24. d4 exd4 25. cxd4 c4 26. Qxc4 f5 27. a4 Ng2 28. Qb5 Qc7 29. Qxf5 Nh4 30. Qe4 f5 31. Qe2 f4 32. Ne4 Rg8 33. Rg1 Rg2+ 34. Bxg2 f3+ 35. Ng3 fxe2 36. Rde1 hxg2 37. Rxe2 Nf3+ 38. Kxg2 Nxg1 39. Kxg1 Qc1+ 40. Kg2 Qc6+ 41. Kg1 a5 42. d5 Qxd5 0-1


[Site "https://www.chess.com"]